 Dungeon Crawl Stone Soup version 0.26.1-2-gb8aa6d0cf2 (webtiles) character file.

Game seed: 17497900454239479306

259 Gadfly the Soothsayer (level 5, -1/45 HPs)
             Began as a Demonspawn Monk on Feb 10, 2021.
             Was a Priest of Nemelex Xobeh.
             Killed by divine providence
             ... invoked by an orc priest
              (15 damage)
             ... on level 4 of the Dungeon.
             The game lasted 00:05:51 (4538 turns).

Gadfly the Soothsayer (Demonspawn Monk)             Turns: 4538, Time: 00:05:52

Health: -1/45      AC:  9    Str: 12    XL:     5   Next: 95%
Magic:  8/8        EV:  6    Int: 11    God:    Nemelex Xobeh [***...]
Gold:   189        SH:  0    Dex: 16    Spells: 4/4 levels left

rFire    + + .     SeeInvis .   b - +0 dagger (elec)
rCold    x . .     Faith    .   (no shield)
rNeg     . . .     Spirit   .   k - +1 chain mail
rPois    .         Reflect  .   (no helmet)
rElec    .         Harm     .   (no cloak)
rCorr    .         Rampage  .   (no gloves)
Will     .....     Clarity  +   (no boots)
Stlth    ..........             (no amulet)
HPRegen  0.15/turn              l - ring of fire
MPRegen  0.11/turn              (no ring)

@: no status effects
A: clarity, demonic guardian 1, fire resistance 1, high mp 1, robust 1,
evolution 1
a: Renounce Religion, Draw Escape, Draw Destruction, Draw Summoning, Triple Draw


You were on level 4 of the Dungeon.
You worshipped Nemelex Xobeh.
Nemelex Xobeh was most pleased with you.
You visited 1 branch of the dungeon, and saw 4 of its levels.

You collected 189 gold pieces.

Inventory:

Hand Weapons
 a - a +0 war axe
 b - a +0 dagger of electrocution (weapon)
 e - a +0 vorpal flail
Armour
 k - a +1 chain mail (worn)
Jewellery
 l - a ring of fire (left hand)
Wands
 f - a wand of disintegration (10)
Scrolls
 h - 2 scrolls of teleportation
 i - 4 scrolls of remove curse
 n - a scroll of identify
Potions
 c - a potion of haste
 d - a potion of mutation
 g - a potion of cancellation
 j - a potion of might


   Skills:
 - Level 3.0 Fighting
 + Level 3.3 Axes
 * Level 2.6 Armour
 - Level 2.6 Dodging
 - Level 1.7 Stealth
 * Level 3.8 Invocations
 * Level 3.0 Evocations


You had 4 spell levels left.
You didn't know any spells.
Your spell library contained the following spells:

 Spells                   Type           Power        Failure   Level
 Bolt of Magma            Conj/Fire/Erth 0%           100%        5
 Iskenderun's Battlesphe  Conj           0%           100%        5
 Iron Shot                Conj/Erth      0%           100%        6
 Orb of Destruction       Conj           0%           100%        7
 Spellforged Servitor     Conj/Summ      0%           100%        7


Dungeon Overview and Level Annotations

Branches:
Dungeon (4/15)
 Temple: D:4-7

Altars:
Ashenzari
Elyvilon
Nemelex Xobeh


Innate Abilities, Weirdness & Mutations

A weak demonic guardian rushes to your aid.
Your flesh is heat resistant. (rF+)
You possess an exceptional clarity of mind.
You have an increased reservoir of magic. (+10% MP)
You are robust. (+10% HP)
You evolve.


Message History

Your quasit barely misses the orc priest.
Your quasit closely misses the orc priest.
Your quasit claws the orc priest.
The orc hits you but does no damage. The orc barely misses you.
The orc hits you but does no damage.
You barely miss the orc priest.
The orc priest is moderately wounded.
Your quasit closely misses the orc priest.
Your quasit claws the orc priest.
Your quasit claws the orc priest but does no damage.
The orc priest hits you with a +0 short sword.
The orc barely misses you. The orc hits you but does no damage. x2
You hit the orc priest.
The orc priest is severely wounded.
Your quasit bites the orc priest.
Your quasit claws the orc priest but does no damage.
Your quasit closely misses the orc priest.
The orc priest calls down the wrath of Beogh upon you.
Beogh smites you!
You die...
Your body disappears without a glow.

##########
##.....(..###
##...........##
#........o....#
#.......@o....#
##.....5o)o......
#.................
#..............#..
#.........5...#...
#...............#
###............##
####.......###
#####ยง.##


You could see an orc priest, 3 orcs, a friendly quasit (summoned) and a friendly
shadow imp (summoned).

Vanquished Creatures
  A scorpion (D:3)
  2 orc wizards
  A gnoll (D:1)
  3 adders
  3 oozes
  2 worms
  A dart slug (D:2)
  A leopard gecko (D:3)
  5 orcs
  2 ball pythons (D:2)
  4 giant cockroaches
  8 goblins
  12 hobgoblins
  4 jackals
  2 quokkas (D:3)
  6 bats
  2 frilled lizards
  9 kobolds
  7 rats
75 creatures vanquished.

Vanquished Creatures (collateral kills)
  Terence (D:2)
1 creature vanquished.

Grand Total: 76 creatures vanquished

Notes
Turn   | Place    | Note
-------+----------+-------------------------------------------
     0 | D:1      | Gadfly the Demonspawn Monk began the quest for the Orb.
     0 | D:1      | Reached XP level 1. HP: 18/18 MP: 1/1
    38 | D:1      | Reached skill level 1 in Invocations
    38 | D:1      | Gained mutation: A weak demonic guardian rushes to your
                  | aid. [demonic ancestry]
    38 | D:1      | Reached XP level 2. HP: 8/24 MP: 2/2
   361 | D:1      | Reached skill level 1 in Armour
   361 | D:1      | Reached skill level 1 in Evocations
  1315 | D:2      | Found a sparkling altar of Nemelex Xobeh.
  1318 | D:2      | Reached XP level 3. HP: 26/29 MP: 4/4
  1336 | D:2      | Became a worshipper of Nemelex Xobeh the Trickster
  1336 | D:2      | Reached * piety under Nemelex Xobeh
  1336 | D:2      | Received a gift from Nemelex Xobeh
  1336 | D:2      | Reached ** piety under Nemelex Xobeh
  1618 | D:2      | Found a white marble altar of Elyvilon.
  1862 | D:2      | Received a gift from Nemelex Xobeh
  1996 | D:2      | Noticed Terence
  2012 | D:2      | Killed Terence
  2286 | D:2      | Reached XP level 4. HP: 32/35 MP: 5/5
  2922 | D:2      | Gained mutation: You are robust. (+10% HP) [potion of
                  | mutation]
  2922 | D:2      | Gained mutation: You evolve. [potion of mutation]
  2922 | D:2      | Gained mutation: You have an increased reservoir of magic.
                  | (+10% MP) [potion of mutation]
  2922 | D:2      | Gained mutation: You possess an exceptional clarity of
                  | mind. [potion of mutation]
  3424 | D:3      | Gained mutation: Your flesh is heat resistant. (rF+)
                  | [demonic ancestry]
  3424 | D:3      | Reached XP level 5. HP: 41/45 MP: 6/8
  3611 | D:3      | Received a gift from Nemelex Xobeh
  3765 | D:3      | Found a sparkling altar of Nemelex Xobeh.
  3978 | D:3      | Found a broken altar of Ashenzari.
  4427 | D:4      | Reached *** piety under Nemelex Xobeh
  4538 | D:4      | Killed from afar by an orc priest

Illustrated notes

Levels and vault maps discovered:
D:1:      lightli_arrival_lavapool, layout_basic
D:2:      layout_basic, nicolae_overflow_crystal_walls, elyvilon_altar_4,
          uniq_terence
D:3:      layout_rooms, general_overflow_altar, nemelex_dance_club_becter
D:4:      layout_cave_pods

Skill      XL: |  1  2  3  4  5 |
---------------+----------------+-----
Invocations    | 1 2 3 |  3.8
Armour         | 1 2 |  2.6
Evocations     | 1 2 3 |  3.0
Axes           | 3 |  3.3
Fighting       | |  3.0
Dodging        | |  2.6
Stealth        | |  1.7

Action                   |  1- 3 |  4- 6 || total
-------------------------+-------+-------++-------
Melee: Hand axe          |    97 |       ||    97
       Flail             |    10 |    58 ||    68
       Dagger            |       |    99 ||    99
Invok: Draw Destruction  |       |     2 ||     2
  Use: Scroll            |     1 |     7 ||     8
       Potion            |       |     2 ||     2
 Stab: Sleeping          |     1 |       ||     1
Armor: Leather armour    |     7 |       ||     7
       Chain mail        |    21 |   103 ||   124
Dodge: Dodged            |    40 |    47 ||    87
